 Dungeon Crawl Stone Soup version 0.27-a0-988-g25969acef8 (webtiles) character file.

Game seed: 457742402634666832

33 Splishie the Insei (level 3, -13/28 HPs)
             Began as a Gnoll Transmuter on Apr 15, 2021.
             Mangled by an ogre
             ... wielding a +0 giant club
              (17 damage)
             ... on level 3 of the Dungeon.
             The game lasted 00:05:47 (948 turns).

Splishie the Insei (Gnoll Transmuter)                Turns: 948, Time: 00:05:47

Health: -13/28     AC:  2    Str: 10    XL:     3   Next: 29%
Magic:  9/9        EV: 13    Int: 12    God:
Gold:   41         SH:  0    Dex: 12    Spells: 6/12 levels left

rFire    . . .     SeeInvis .   e - +1 hand axe (elec)
rCold    . . .     Faith    .   (no shield)
rNeg     . . .     Spirit   .   a - +0 robe
rPois    .         Reflect  .   (no helmet)
rElec    .         Harm     .   (no cloak)
rCorr    .         Rampage  .   (no gloves)
Will     .....                  (no boots)
Stlth    +.........             (no amulet)
HPRegen  0.09/turn              (no ring)
MPRegen  0.11/turn              (no ring)

@: no status effects
A: fangs 1, strong nose, distributed training
a: no special abilities


You were on level 3 of the Dungeon.
You visited 1 branch of the dungeon, and saw 3 of its levels.

You collected 41 gold pieces.

Inventory:

Hand Weapons
 d - a +0 dagger
 e - a +1 hand axe of electrocution (weapon)
 j - a +0 dagger
 k - a +0 long sword
Missiles
 b - 49 stones
 c - 6 poisoned darts
 h - 17 arrows
Armour
 a - a +0 robe (worn)
Scrolls
 f - a scroll of fear
 i - a scroll of brand weapon {unknown}
Potions
 g - a potion of haste {unknown}


   Skills:
 + Level 2.6 Fighting
 + Level 0.7 Short Blades
 + Level 0.7 Long Blades
 + Level 0.7 Axes
 + Level 0.7 Maces & Flails
 + Level 0.7 Polearms
 + Level 0.7 Staves
 + Level 0.7 Slings
 + Level 0.7 Bows
 + Level 0.7 Crossbows
 + Level 0.7 Throwing
 + Level 0.7 Armour
 + Level 4.5 Dodging
 + Level 0.7 Stealth
 + Level 0.7 Shields
 + Level 6.5 Unarmed Combat
 + Level 5.0 Spellcasting
 + Level 0.5 Conjurations
 + Level 0.5 Hexes
 + Level 0.5 Summonings
 + Level 0.5 Necromancy
 + Level 0.5 Translocations
 + Level 3.7 Transmutations
 + Level 0.5 Fire Magic
 + Level 0.5 Ice Magic
 + Level 0.5 Air Magic
 + Level 0.5 Earth Magic
 + Level 0.5 Poison Magic
 + Level 0.9 Invocations
 + Level 0.7 Evocations


You had 6 spell levels left.
You knew the following spells:

 Your Spells              Type           Power      Damage    Failure   Level
a - Beastly Appendage     Tmut           24%        N/A       4%          1
b - Wereblood             Tmut           12%        N/A       6%          2
c - Spider Form           Tmut/Pois      4%         N/A       26%         3

Your spell library contained the following spells:

 Spells                   Type           Power      Damage    Failure   Level
 Ice Form                 Ice/Tmut       8%         N/A       63%         4
 Hydra Form               Tmut           6%         N/A       75%         5


Dungeon Overview and Level Annotations

Branches:
Dungeon (3/15)

Altars:


Innate Abilities, Weirdness & Mutations

You have very sharp teeth.
Your uncanny sense of smell can sniff out nearby items.
Your experience applies equally to all skills.


Message History

The jackal closely misses you.
You hit the jackal. Lightning courses through the jackal!
You kill the jackal!
The jackal bites you but does no damage.
You hit the jackal. Your headbutt misses the jackal.
The jackal is severely wounded.
The jackal barely misses you. The jackal misses you.
You hit the jackal. Lightning courses through the jackal!
You kill the jackal!
The quokka twitches its whiskers.
The quokka barely misses you.
You closely miss the quokka. Your bite misses the quokka.
The quokka barely misses you.
You barely miss the quokka. Your kick misses the quokka.
You headbutt the quokka.
You kill the quokka!
Your horns disappear.
Your talons disappear.
You see here a jackal corpse.
A ball python comes into view.
The ball python hisses angrily.
The ball python bites you but does no damage.
The ball python grabs you. The ball python constricts you.
You closely miss the ball python. Your bite misses the ball python.
The ball python closely misses you. The ball python constricts you.
You closely miss the ball python. The ball python closely misses you.
The ball python constricts you. The ball python barely misses you.
The ball python constricts you.
You hit the ball python.
You kill the ball python!
An ogre comes into view. It is wielding a +0 giant club.
The ogre hits you with a +0 giant club!
You hit the ogre.
The ogre is lightly wounded.
The ogre hits you with a +0 giant club!
* * * LOW HITPOINT WARNING * * *
You hit the ogre but do no damage. Lightning courses through the ogre!
The ogre is heavily wounded.
The ogre hits you with a +0 giant club!
Ouch! That really hurt!
You die...

#.. ... #.# ### ..#
...# ######## #.# ...#
......# #.#....#
.#####.##.######.#....#
................@O....+
.#####.##........#....#
#.#########.# ...# #†#
#.# ### #.# #.# #.# #.#
+#####.# #.# ....##.#
#.# ....##.# #.#


You could see an ogre.

Vanquished Creatures
  An adder (D:2)
  A worm (D:2)
  3 endoplasms
  2 giant cockroaches
  3 goblins
  2 jackals (D:3)
  A quokka (D:3)
  3 ball pythons
  A kobold (D:1)
  A rat (D:1)
18 creatures vanquished.

Notes
Turn   | Place    | Note
-------+----------+-------------------------------------------
     0 | D:1      | Splishie the Gnoll Transmuter began the quest for the Orb.
     0 | D:1      | Reached XP level 1. HP: 17/17 MP: 6/6
   748 | D:2      | Reached XP level 2. HP: 23/23 MP: 5/7
   778 | D:2      | Reached XP level 3. HP: 14/28 MP: 7/9
   782 | D:2      | Learned a level 2 spell: Wereblood
   830 | D:3      | Reached skill level 5 in Spellcasting
   838 | D:3      | Learned a level 3 spell: Spider Form
   945 | D:3      | Noticed an ogre
   948 | D:3      | Mangled by an ogre

Illustrated notes

Levels and vault maps discovered:
D:1:      ncdulo_halloftheorcs, layout_loops_corners,
          hellmonk_ecumenical_altar_inner_sanctum, minmay_splitting_lines
D:2:      layout_loops_cross, amcnicky_mini_corridor_feature,
          roderic_roman_lattice
D:3:      layout_basic

Skill      XL: |  1  2  3 |
---------------+----------+-----
Spellcasting   | 5 |  5.0
Fighting       | |  2.6
Short Blades   | |  0.7
Long Blades    | |  0.7
Axes           | |  0.7
Maces & Flails | |  0.7
Polearms       | |  0.7
Staves         | |  0.7
Slings         | |  0.7
Bows           | |  0.7
Crossbows      | |  0.7
Throwing       | |  0.7
Armour         | |  0.7
Dodging        | |  4.5
Stealth        | |  0.7
Shields        | |  0.7
Unarmed Combat | |  6.5
Conjurations   | |  0.5
Hexes          | |  0.5
Summonings     | |  0.5
Necromancy     | |  0.5
Translocations | |  0.5
Transmutations | |  3.7
Fire Magic     | |  0.5
Ice Magic      | |  0.5
Air Magic      | |  0.5
Earth Magic    | |  0.5
Poison Magic   | |  0.5
Invocations    | |  0.9
Evocations     | |  0.7

Action                   || total
-------------------------++-------
Melee: Dagger            ||    17
       Unarmed           ||     7
       Kick              ||     6
       Hand axe          ||    28
       Bite              ||     3
       Headbutt          ||     2
       Punch             ||     1
 Cast: Beastly Appendage ||     7
  Use: Scroll            ||     3
       Potion            ||     1
 Stab: Sleeping          ||     1
Armor: Robe              ||    10
Dodge: Dodged            ||    37

Table legend: (Time is in decaauts)
 A = Elapsed time spent in this place.
 B = Non-inter-level travel time spent in this place.
 C = Inter-level travel time spent in this place.
 D = Time resting spent in this place.
 E = Time spent auto-exploring this place.
 F = Levels seen in this place.
 G = Mean time per level.
                   A        B        C        D        E       F      G
               +--------+--------+--------+--------+--------+-----+--------+
         Total |    954 |    929 |     25 |      0 |    206 |   3 |  318.0 |
       Dungeon |    954 |    929 |     25 |      0 |    206 |   3 |  318.0 |
               +--------+--------+--------+--------+--------+-----+--------+

Top non-repeatable levels by time:
     D:1: 680 daAuts
     D:2: 147 daAuts
     D:3: 125 daAuts
